Map: Traitor's Exile

Players

Throwfordays - Winner!

  • Race: Protoss Protoss
  • League: Bronze
  • Spawn Location: 9:00

Cthulhu - Winner!

  • Race: Protoss Protoss
  • Spawn Location: 12:00

xxjun

  • Race: Zerg Zerg
  • Spawn Location: 6:00

AZTechMan

  • Race: Zerg Zerg
  • Spawn Location: 5:00

VOD

Have the link to the VOD?

Description

Time

  • Played on: Jan. 31, 2019, 9:21 p.m.
  • Length: 7:48
Show
View Real Time Build Order
Export as new Build Order

Throwfordays Protoss - Winner!

Build Orders:  

Get SALT Encoding   

  12  0:01  Probe  
  13  0:13  Probe  
  14  0:19  Pylon  
  14  0:25  Probe  
  15  0:37  Gateway  
  15  0:39  Probe  
  16  0:51  Probe  
  16  0:56  Gateway  
  17  1:01  Assimilator  
  17  1:05  Probe  
  18  1:17  Probe  
  19  1:25  Cybernetics Core  
  19  1:29  Probe  
  20  1:41  Warp Gate  
  20  1:44  Gateway  
  20  1:55  Nexus  
  20  2:09  Pylon  
  20  2:12  Adept  
  20  2:15  Assimilator  
  21  2:31  Adept  
  23  2:38  Adept  
  23  2:40  Probe  
  26  2:52  Probe  
  27  3:01  Adept  
  27  3:04  Probe x2  
  30  3:12  Probe  
  32  3:21  Probe  
  32  3:23  Probe  
  34  3:33  Probe  
  35  3:35  Probe  
  35  3:37  Stalker  
  35  3:38  Stalker  
  40  3:45  Probe  
  40  3:47  Probe  
  42  3:55  Pylon  
  42  3:57  Probe  
  42  3:59  Probe  
  44  4:09  Probe  
  45  4:11  Probe  
  46  4:21  Probe  
  46  4:23  Probe  
  48  4:33  Probe  
  49  5:27  Stalker x2  
  53  5:33  Pylon  
  41  5:49  Pylon  
  41  5:53  Gateway  
  41  5:55  Probe  
  41  5:56  Gateway  
  42  5:58  Probe  
  42  5:59  Gateway  
  42  6:00  Stalker  
  42  6:01  Stalker  
  42  6:03  Gateway  
  47  6:06  Gateway  
  47  6:07  Probe  
  47  6:10  Assimilator, Probe  
  49  6:15  Assimilator  
  49  6:20  Pylon, Probe  
  49  6:22  Robotics Facility, Probe  
  49  6:25  Robotics Facility  
  51  6:26  Stalker x2  
  51  6:32  Probe  
  56  6:33  Twilight Council, Forge  
  56  6:34  Probe  
  56  6:35  Forge  
  57  6:44  Probe  
  57  6:46  Probe  
  57  6:57  Stalker x3  
  57  6:58  Stalker x2  
  67  7:34  Stalker x2  
  67  7:35  Stalker x3  
Show
View Real Time Build Order
Export as new Build Order

Cthulhu Protoss - Winner!

Build Orders:  

Get SALT Encoding   

  1  0:00  Probe  
  12  0:07  Probe  
  14  0:22  Pylon  
  14  0:27  Probe  
  15  0:40  Probe  
  16  0:51  Pylon  
  16  0:55  Gateway  
  16  1:01  Probe  
  17  1:05  Assimilator  
  17  1:08  Forge  
  17  1:10  Probe  
  17  1:18  Probe  
  19  1:28  Probe  
  20  1:43  Gateway  
  20  1:48  Gateway  
  20  1:50  Probe  
  23  2:06  Gateway  
  23  2:11  Probe  
  23  2:13  Assimilator  
  22  2:30  Zealot  
  22  2:33  Protoss Ground Weapons Level 1  
  24  2:39  Photon Cannon  
  24  2:41  Photon Cannon  
  24  2:53  Zealot  
  24  2:54  Pylon, Zealot  
  28  3:08  Cybernetics Core  
  28  3:26  Zealot x3, Probe  
  35  3:47  Twilight Council  
  35  3:57  Pylon  
  35  4:01  Zealot x2  
  39  4:06  Pylon  
  39  4:14  Charge  
  35  5:02  Warp Gate  
  33  5:23  Stalker  
  33  5:24  Zealot x3  
  35  5:50  Nexus  
  35  5:53  Zealot  
  35  5:54  Zealot x2  
  41  5:58  Pylon  
  41  6:01  Assimilator  
  41  6:12  Pylon  
  41  6:19  Stalker  
  41  6:20  Stalker  
  41  6:21  Zealot x2  
  49  6:28  Probe  
  34  7:13  Zealot x3  
  34  7:14  Zealot  
  42  7:19  Probe  
  42  7:21  Probe  
  44  7:28  Probe  
  44  7:33  Probe  
  44  7:36  Zealot  
  44  7:37  Zealot  
Show
View Real Time Build Order
Export as new Build Order

xxjun Zerg 

Build Orders: Pool First 

Get SALT Encoding   

  12  0:01  Drone  
  13  0:08  Drone  
  14  0:18  Overlord  
  14  0:37  Spawning Pool  
  14  0:40  Drone  
  14  0:41  Drone  
  15  0:46  Extractor  
  14  0:51  Drone  
  14  0:52  Drone  
  16  1:06  Drone  
  17  1:16  Overlord  
  17  1:26  Zergling x2  
  18  1:38  Queen  
  20  1:47  Metabolic Boost  
  20  1:58  Zergling x6  
  23  2:07  Extractor  
  22  2:32  Lair  
  22  2:37  Drone x2  
  23  2:38  Zergling x2  
  24  3:06  Zergling x8  
  24  3:07  Zergling x2  
  26  3:48  Roach Warren  
  25  3:56  Zergling x8  
  25  4:01  Hatchery  
  28  4:05  Overlord x2  
  28  4:06  Overlord x2  
  28  4:18  Infestation Pit  
  27  4:44  Roach  
  27  4:45  Roach x3  
  25  4:54  Roach  
  27  5:12  Roach x2  
  31  5:15  Roach  
  33  5:23  Roach  
  35  5:48  Roach  
  35  5:49  Roach x2  
  41  5:56  Drone  
  42  6:25  Hive  
  38  6:53  Zergling x6  
  38  6:54  Zergling x6  
  30  7:21  Zergling x8  
Show
View Real Time Build Order
Export as new Build Order

AZTechMan Zerg 

Build Orders: Pool First 

Get SALT Encoding   

  12  0:05  Drone  
  13  0:11  Drone  
  14  0:18  Overlord  
  14  0:26  Extractor  
  14  0:27  Drone  
  14  0:46  Spawning Pool  
  14  0:47  Drone  
  14  0:56  Drone  
  15  0:59  Drone  
  15  1:01  Drone  
  17  1:24  Drone  
  18  1:33  Queen  
  18  1:36  Overlord  
  20  1:50  Zergling x4  
  22  1:54  Extractor, Drone  
  22  2:09  Pneumatized Carapace  
  22  2:22  Hatchery  
  21  2:26  Metabolic Boost  
  21  2:29  Drone x2  
  23  2:30  Drone  
  24  2:48  Drone  
  25  2:54  Zergling x2  
  26  3:07  Roach Warren  
  26  3:10  Queen  
  27  3:13  Zergling x4  
  29  3:41  Queen, Evolution Chamber  
  29  3:44  Drone  
  29  3:46  Drone  
  32  3:57  Roach x2  
  32  4:00  Overlord  
  36  4:10  Overlord  
  36  4:15  Zerg Melee Weapons Level 1  
  36  4:18  Queen  
  25  5:02  Roach x5  
  25  5:03  Roach x4  
  41  5:12  Spine Crawler  
  35  5:18  Roach  
  26  6:04  Drone  
  27  6:12  Hatchery  
  26  6:22  Roach  
  26  6:25  Drone  
  15  7:19  Roach x3  
Tags
 
Add a new tag
Caveats
  • Supply blocks, unpowered buildings, or Contaminate may cause inaccurate times.
  • Supply counts are checked every 10 seconds.